 Dungeon Crawl Stone Soup version 0.16.1-14-g82efdee (webtiles) character file.

44 hulla the Changer (level 3, 0/23 HPs)
             Began as an Octopode Transmuter on Apr 11, 2015.
             Succumbed to an adder's poison
             ... on level 2 of the Dungeon.
             The game lasted 00:03:42 (1262 turns).

hulla the Changer (Octopode Transmuter)             Turns: 1262, Time: 00:03:42

Health: 0/23       AC:  1    Str:  9    XL:     3   Next: 62%
Magic:  6/6        EV: 12    Int: 16    God:
Gold:   77         SH:  0    Dex: 12    Spells: 3 memorised, 0 levels left

rFire  . . .     SeeInvis .       - Unarmed
rCold  . . .     Clarity  .     (no shield)
rNeg   . . .     SustAb   .     (helmet restricted)
rPois  .         Gourm    .     e - amulet of resist corrosion
rElec  .         Spirit   .     (no ring)
rCorr  +         Warding  .     (no ring)
rMut   .         Stasis   .     (no ring)
MR     .....                    (no ring)
Stlth  ++........               (no ring)
                                (no ring)
                                (no ring)
                                (no ring)

@: lethally poisoned (0 -> -7), not resistant to hostile enchantments,
unstealthy
A: almost no armour, amphibious, 8 rings, constrict 8, camouflage 1, gelatinous
body 1
a: no special abilities


You were on level 2 of the Dungeon.
You were not hungry.

You visited 1 branch of the dungeon, and saw 2 of its levels.

You collected 77 gold pieces.

Inventory:

Missiles
 b - 12 arrows
 h - 51 stones (quivered)
Jewellery
 e - an amulet of resist corrosion (around mantle)
Scrolls
 c - a scroll of enchant armour {unknown}
 g - 2 scrolls of amnesia {unknown}
 i - a scroll of teleportation {unknown}
 k - 2 scrolls of blinking {unknown}
Books
 d - a book of Changes

   Spells                             Type                      Level
   a - Beastly Appendage              Transmutation                1
   b - Sticks to Snakes               Transmutation                2
   c - Spider Form                    Transmutation/Poison         3
   d - Ice Form                       Ice/Transmutation            4
   e - Blade Hands                    Transmutation                5
Comestibles
 a - a bread ration
 j - a beef jerky
 l - a chunk of flesh


   Skills:
 - Level 1.0 Fighting
 - Level 2.0 Dodging
 - Level 3.0 Unarmed Combat
 - Level 2.0 Spellcasting
 + Level 3.9 Transmutations


You couldn't memorise any spells.
You knew the following spells:

 Your Spells              Type           Power        Failure   Level  Hunger
a - Beastly Appendage     Trmt           ##....       6%          1    #......
b - Spider Form           Trmt/Pois      #.........   34%         3    ###....
c - Sticks to Snakes      Trmt           ##........   10%         2    ###....


Dungeon Overview and Level Annotations

Branches:
Dungeon (2/15)

Altars:


Innate Abilities, Weirdness & Mutations

You cannot wear most types of armour.
You are amphibious.
You can wear up to eight rings at the same time.
You can use your tentacles to constrict many enemies at once.
Your skin changes colour to match your surroundings (Stealth).
Your rubbery body absorbs attacks (AC +1).


Message History

You feel sick.
You see here an adder corpse.
You butcher the adder corpse.
* * * LOW HITPOINT WARNING * * *
You feel sick.
You see here a chunk of flesh.
* * * LOW HITPOINT WARNING * * *
You feel sick.
You see here a chunk of flesh.
l - a chunk of flesh
* * * LOW HITPOINT WARNING * * *
You feel sick.
Drink which item? (? for menu, Esc to quit)
It was a potion of cancellation.
Your magical effects are unravelling.
You feel magically purged.
* * * LOW HITPOINT WARNING * * *
You feel sick.
Your tentacle spike disappears.
You die...

#.. .. #.#.g
#####.#.
####......
#........#
#........#
#........#
#........#
#......@.#
....###+###.#
#.###.####
#........#
#....>...# ####
#........# ...
...........##.##
###.#.#.##.....#
#.#.#.#......#


There were no monsters in sight!

Vanquished Creatures
  2 gnolls (D:1)
  An adder (D:2)
  A worm (D:2)
  2 goblins (D:1)
  A quokka (D:2)
  A ball python (D:1)
  A bat (D:1)
  A giant newt (D:1)
  3 kobolds (D:1)
  2 rats (D:1)
15 creatures vanquished.

Notes
Turn   | Place    | Note
--------------------------------------------------------------
     0 | D:1      | hulla, the Octopode Transmuter, began the quest for the Orb.
     0 | D:1      | Reached XP level 1. HP: 13/13 MP: 3/3
   527 | D:1      | Reached XP level 2. HP: 18/18 MP: 2/4
   730 | D:1      | Reached XP level 3. HP: 2/23 MP: 4/6
   749 | D:1      | Learned a level 3 spell: Spider Form
   752 | D:1      | Learned a level 2 spell: Sticks to Snakes
  1057 | D:1      | You fall through a shaft!
  1261 | D:2      | HP: 1/23 [poisoned by an adder]
  1262 | D:2      | Succumbed to an adder's poison

Action                   || total
-------------------------++-------
Melee: Unarmed           ||    49
 Cast: Beastly Appendage ||     8
  Use: Potion            ||     1
 Stab: Sleeping          ||     2
       Distracted        ||     1
  Eat: Chunk             ||     1
